 Dungeon Crawl Stone Soup version 0.31-a0-940-gdaa99269f9 (webtiles) character file.

Game seed: 15587688473357227190

3267 Dylgear the Cleaver (level 10, -7/86 HPs)
             Began as a Meteoran Fighter on Oct 21, 2023.
             Was an Initiate of Trog.
             Mangled by a two-headed ogre
             ... wielding a +0 giant club
              (18 damage)
             ... on level 9 of the Dungeon.
             The game lasted 00:27:23 (4684 turns).

Dylgear the Cleaver (Meteoran Fighter)              Turns: 4684, Time: 00:27:24

Health: -7/86      AC: 19    Str: 24    XL:     10   Next: 42%
Magic:  11/11      EV:  9    Int:  5    God:    Trog [......]
Gold:   571        SH:  0    Dex: 17    Spells: 9/9 levels left

rFire   . . .        e - +0 broad axe
rCold   . . .        D - orb of Submission {mayhem, -Cast Regen+ Str+5 Int-5}
rNeg    . . .        C - +4 chain mail
rPois   .            (no helmet)
rElec   .            (no cloak)
rCorr   .            r - +1 pair of gloves
SInv    .            f - +2 pair of boots
Will    +....        i - amulet of the acrobat Stlth
                     (no ring)
HPRegen 1.14/turn    (no ring)
MPRegen 0.12/turn

%: no spellcasting, mayhem, acrobat
@: mighty, glowing
A: sense surroundings 2, otherworldly, glowing, explore regen
a: Renounce Religion


You were on level 9 of the Dungeon.
You worshipped Trog.
Trog was noncommittal.
You visited 1 branch of the dungeon, and saw 9 of its levels.
You also visited: Sewer.

You collected 571 gold pieces.

Inventory:

Hand Weapons
 e - a +0 broad axe (weapon)
 l - a +0 morningstar
Missiles
 m - 6 boomerangs
 E - 3 throwing nets
Armour
 c - a +0 buckler
 f - a +2 pair of boots (worn)
 r - a +1 pair of gloves (worn)
 C - a +4 chain mail (worn)
 D - the orb of Submission (worn) {mayhem, -Cast Regen+ Str+5 Int-5}
   (You found it on level 8 of the Dungeon)

   Str+5:     It affects your strength (+5).
   Int-5:     It affects your intelligence (-5).
   -Cast:     It prevents spellcasting.
   Regen+:    It increases your rate of health regeneration.
Jewellery
 b - a ring of fire
 i - an amulet of the acrobat (around neck)
 B - an amulet of magic regeneration
Talismans
 p - a beast talisman
 w - a maw talisman
 A - a talisman of death
Wands
 n - a wand of mindburst (12)
Scrolls
 g - 2 scrolls of fog
 s - a scroll of immolation
 t - a scroll of teleportation
 v - a scroll of silence
 x - a scroll of identify
 y - a scroll of revelation
 z - 2 scrolls of poison
Potions
 j - 4 potions of brilliance
 k - 2 potions of mutation
 o - a potion of haste
 q - a potion of cancellation
 u - a potion of resistance


   Skills:
 * Level 7.1 Fighting
 * Level 12.2 Axes
 * Level 6.3 Armour
 + Level 1.8 Dodging
 + Level 0.2 Stealth
 * Level 6.3 Shields


You had 9 spell levels left.
You didn't know any spells.
Your spell library contained the following spells:

 Spells                   Type           Power      Damage    Failure   Level
 Sublimation of Blood     Necr           0%         N/A       99%         2
 Wereblood                Tmut           0%         N/A       99%         2
 Summon Hydra             Summ           0%         N/A       100%        7


Dungeon Overview and Level Annotations

Branches:
Dungeon (9/15) Zot: 806     Sewer (visited)
 Temple: D:4-7         Lair: D:8-11         Orc: D:9-12

Altars:
Dithmenos
Gozag
Makhleb
Nemelex Xobeh
Ru
Trog
Yredelemnul
Zin

Shops:
D:3 :   D:7 :

Annotations:
D:7 Jeremiah


Innate Abilities, Weirdness & Mutations

You passively map the area around you.
You are easily found by Zot.
You glow in the dark.
You regain HP and MP as you explore.


Message History

There is a stone staircase leading up here.
A two-headed ogre comes into view.
It is wielding a +0 giant club and a +0 giant spiked club.
The two-headed ogre shouts in stereo!
Something unseen opens the door.
An orc comes into view. It is wielding a +0 mace.
You see here a potion of mutation.
k - 2 potions of mutation (gained 1)
The orc shouts!
You hear a shout! x12
You hear a shout! x6
The orc misses you.
You hit the orc but do no damage. The orc hits you with a +0 mace.
You closely miss the orc. The orc barely misses you.
You slash the orc!
You kill the orc!
Trog accepts your kill.
You feel very mighty all of a sudden.
The two-headed ogre hits you but does no damage.
The two-headed ogre hits you with a +0 giant spiked club.
You barely miss the two-headed ogre.
The two-headed ogre hits you with a +0 giant club!
The two-headed ogre hits you with a +0 giant spiked club.
You hit the two-headed ogre.
The two-headed ogre is lightly wounded.
You hit the two-headed ogre.
The two-headed ogre is lightly wounded.
The two-headed ogre completely misses you.
The two-headed ogre hits you with a +0 giant spiked club!!
You closely miss the two-headed ogre.
The two-headed ogre is lightly wounded.
The two-headed ogre hits you with a +0 giant club!!
The two-headed ogre hits you with a +0 giant spiked club!
* * * LOW HITPOINT WARNING * * *
You slash the two-headed ogre!
The two-headed ogre is moderately wounded.
You slice the two-headed ogre!!
The two-headed ogre is severely wounded.
The two-headed ogre hits you with a +0 giant club!
* * * LOW HITPOINT WARNING * * *
The two-headed ogre hits you with a +0 giant spiked club!!
You die...

..........##.. #.#
#....#.......# #.#
...........### #.#
..####.#..#######.#####
.......#.....O........#
#.#.......#######.#####
....#.##..# #.#
#'######### #####O# #,
* ,#...@.# .,8 , , , 8
#.....# # * **,,
####### # * *, * , * ,
** * , * ,, * * , *


You could see a two-headed ogre.

Vanquished Creatures
  Harold (D:9)
  Psyche (D:8)
  A steam dragon (D:8)
  Duvessa (D:4)
  4 ice beasts
  An ogre (D:5)
  5 sky beasts
  A phantom (D:5)
  A kobold brigand (D:8)
  3 bullfrogs
  3 wights (D:8)
  Dowan (D:4)
  A howler monkey (D:8)
  4 jellies
  2 human zombies (D:3)
  An orc priest (D:9)
  A hound (D:4)
  Ijyb (D:3)
  3 iguanas
  An orc wizard (D:4)
  11 gnolls
  7 adders
  A shadow imp (D:6)
  A white imp (D:5)
  4 ufetubi
  3 worms
  2 dart slugs
  16 orcs
  12 endoplasms
  5 giant cockroaches
  4 goblins
  6 hobgoblins
  7 jackals
  4 quokkas
  9 ball pythons
  3 bats
  3 frilled lizards (Sewer)
  16 kobolds
  5 rats
156 creatures vanquished.

Vanquished Creatures (others)
  An adder (D:3)
  A goblin (D:3)
2 creatures vanquished.

Grand Total: 158 creatures vanquished

Notes
Turn   | Place    | Note
-------+----------+-------------------------------------------
     0 | D:1      | Dylgear the Meteoran Fighter began the quest for the Orb.
     0 | D:1      | Reached XP level 1. HP: 19/19 MP: 2/2
   100 | D:1      | Reached XP level 2. HP: 26/26 MP: 3/3
   241 | D:1      | Reached XP level 3. HP: 31/31 MP: 4/4
   481 | D:1      | Glimpsed the power of Zot.
   533 | D:2      | Reached skill level 3 in Axes
   796 | D:2      | Reached XP level 4. HP: 40/40 MP: 5/5
  1057 | D:2      | Glimpsed the power of Zot.
  1070 | D:2      | Reached skill level 4 in Axes
  1074 | D:2      | Reached XP level 5. HP: 35/46 MP: 6/6
  1099 | D:2      | Glimpsed the power of Zot.
  1147 | D:3      | Found Romot's Book Boutique.
  1228 | D:3      | Found an opulent altar of Gozag.
  1229 | D:3      | Found a glowing silver altar of Zin.
  1265 | D:3      | Found a runed translucent door.
  1265 | D:3      | Noticed a human
  1275 | D:3      | Reached skill level 5 in Axes
  1280 | D:3      | Reached XP level 6. HP: 49/52 MP: 7/7
  1284 | D:3      | Found a basalt altar of Yredelemnul.
  1340 | D:3      | Reached skill level 1 in Dodging
  1510 | D:3      | Found a shadowy altar of Dithmenos.
  1628 | D:3      | Glimpsed the power of Zot.
  1677 | D:3      | Glimpsed the power of Zot.
  1717 | D:4      | Noticed Ijyb
  1811 | D:3      | Reached skill level 6 in Axes
  1920 | D:3      | Killed Ijyb
  2035 | D:4      | Reached XP level 7. HP: 54/59 MP: 8/8
  2126 | D:4      | Noticed Duvessa
  2128 | D:4      | Noticed Dowan
  2137 | D:4      | Killed Duvessa
  2163 | D:4      | Killed Dowan
  2164 | D:4      | Reached skill level 7 in Axes
  2203 | D:4      | Glimpsed the power of Zot.
  2250 | D:4      | Glimpsed the power of Zot.
  2265 | D:5      | Entered Level 5 of the Dungeon
  2299 | D:5      | Reached XP level 8. HP: 59/67 MP: 9/9
  2357 | D:5      | Identified the +7 ring mail of Compression {Will+}
  2638 | D:5      | Reached skill level 8 in Axes
  2669 | D:5      | Reached skill level 5 in Fighting
  2782 | D:5      | Glimpsed the power of Zot.
  2859 | D:6      | Found a glowing drain.
  2889 | Sewer    | Entered a sewer
  2931 | Sewer    | Reached skill level 9 in Axes
  3036 | Sewer    | Gained mutation: You passively map the area around you.
                  | [Meteoran growth]
  3036 | Sewer    | Reached XP level 9. HP: 56/74 MP: 10/10
  3036 | Sewer    | Found a viscous altar of Jiyva.
  3180 | D:6      | Reached skill level 5 in Armour
  3272 | D:6      | Reached skill level 5 in Shields
  3340 | D:6      | Found a sacrificial altar of Ru.
  3385 | D:6      | Reached skill level 10 in Axes
  3587 | D:6      | Glimpsed the power of Zot.
  3617 | D:7      | Noticed Jeremiah
  3647 | D:7      | Found Uzeenuen's Vocational Training.
  3840 | D:8      | Noticed Psyche
  3847 | D:8      | Killed Psyche
  3872 | D:8      | Found a bloodstained altar of Trog.
  3916 | D:8      | Reached skill level 11 in Axes
  3927 | D:8      | Became a worshipper of Trog the Wrathful
  3972 | D:8      | Reached XP level 10. HP: 32/80 MP: 11/11
  3980 | D:8      | Found a sparkling altar of Nemelex Xobeh.
  4304 | D:8      | Found a burning altar of Makhleb.
  4325 | D:8      | Identified the orb of Submission {mayhem, -Cast Regen+
                  | Str+5 Int-5}
  4559 | D:9      | Noticed Harold
  4575 | D:9      | Killed Harold
  4576 | D:9      | Reached skill level 12 in Axes
  4655 | D:9      | Noticed a two-headed ogre
  4684 | D:9      | Mangled by a two-headed ogre

Illustrated notes

Levels and vault maps discovered:
D:1:      grunt_arrival_crossed_arrows, layout_loops_corners,
          corexii_leaking_fountain
D:2:      layout_rooms, minmay_joined_circles
D:3:      layout_basic, grunt_temple_overflow_gold_and_silver,
          nicolae_dithmenos_through_a_glass_darkly, dk_yredelemnul_ordeal,
          chequers_ecumenical_altar_simple_redux, serial_shops, shop,
          serial_aquarium, aquarium_bridge_square [aquarium_subvault_window,
          aquarium_subvault_window, aquarium_subvault_wall,
          aquarium_subvault_bridge], aquarium_window_1, aquarium_window_fake,
          aquarium_window_corner, aquarium_view_2e, aquarium_view_2e,
          minmay_stone_trees_small, skrybe_limestone_x, st_stairs_11,
          small_statue_alley_b, kennysheep_generic_room_12
D:4:      layout_rooms, kennysheep_mini, minmay_temple_entry_metal_lava,
          uniq_duvessa, uniq_ijyb
D:5:      layout_loops_corners, uniq_eustachio
D:6:      lemuel_ice_spiral_2, layout_basic, nicolae_ru_path_of_blood,
          cheibrodos_sewer_entry_bend, corner_web_ring
D:7:      layout_rooms, nicolae_shop_vocational, uniq_maggie, uniq_jeremiah
D:8:      layout_basic, trog_three_pillars_becter, mainiacjoe_overflow_alcove_4,
          lightli_temple_of_fire, nicolae_hexahallways, uniq_psyche
D:9:      layout_basic, lemuel_round_altar, lemuel_crystal_altar,
          hiddenorc2_lemuel, serial_shops, nicolae_shop_tiny_statue_garden,
          uniq_harold

Skill      XL: |  1  2  3  4  5  6  7  8  9 10 |
---------------+-------------------------------+-----
Axes           | 3 4 5 6 7 9 11 12 | 12.2
Dodging        | 1 |  1.8
Fighting       | 4 5 6 7 |  7.1
Shields        | 4 6 |  6.3
Armour         | 4 5 6 |  6.3
Stealth        | |  0.2

Action                     |  1- 3 |  4- 6 |  7- 9 | 10-12 || total
---------------------------+-------+-------+-------+-------++-------
  Melee: Broad axe         |    59 |   157 |   321 |    61 ||   598
    Use: Scroll            |     5 |     6 |     6 |       ||    17
         Potion            |       |     4 |     5 |     4 ||    13
 Armour: Scale mail        |    37 |       |       |       ||    37
         Chain mail        |     8 |   121 |   245 |    43 ||   417
  Dodge: Dodged            |    21 |    77 |   125 |    21 ||   244
  Block: Buckler           |    26 |    40 |    87 |     4 ||   157

Table legend: (Time is in decaauts)
 A = Elapsed time spent in this place.
 B = Non-inter-level travel time spent in this place.
 C = Inter-level travel time spent in this place.
 D = Time resting spent in this place.
 E = Time spent auto-exploring this place.
 F = Levels seen in this place.
 G = Mean time per level.
                   A        B        C        D        E       F      G
               +--------+--------+--------+--------+--------+-----+--------+
         Total |   4858 |   4837 |     21 |    375 |   1939 |  10 |  485.8 |
       Dungeon |   4592 |   4571 |     21 |    375 |   1922 |   9 |  510.2 |
         Sewer |    265 |    265 |      0 |      0 |     17 |   1 |  265.0 |
               +--------+--------+--------+--------+--------+-----+--------+

Top non-repeatable levels by time:
     D:3: 903 daAuts
     D:8: 888 daAuts
     D:2: 668 daAuts
     D:6: 620 daAuts
     D:5: 570 daAuts
     D:1: 509 daAuts
     D:4: 283 daAuts
   Sewer: 265 daAuts
     D:7: 88 daAuts
     D:9: 60 daAuts
